 Dungeon Crawl Stone Soup version 0.29-a0-1047-g7c58e119a4 (webtiles) character file.

Game seed: 18191173857941888394

63 siradein the Trooper (level 4, 0/41 HPs)
             Began as a Hill Orc Monk on Aug 16, 2022.
             Succumbed to an adder's poison
             ... on level 2 of the Dungeon.
             The game lasted 00:02:22 (1602 turns).

siradein the Trooper (Hill Orc Monk)                Turns: 1602, Time: 00:02:23

Health: 0/41       AC:  3    Str: 15    XL:     4   Next: 10%
Magic:  4/4        EV: 12    Int: 10    God:
Gold:   80         SH:  0    Dex: 13    Spells: 3/3 levels left

rFire   . . .      SeeInvis .   a - +0 spear
rCold   . . .      Faith    .   (no shield)
rNeg    . . .      Spirit   .   e - +0 leather armour
rPois   .          Reflect  .   (no helmet)
rElec   .          Harm     .   (no cloak)
rCorr   .          Rampage  .   (no gloves)
Will    .....                   (no boots)
Stlth   ++........              (no amulet)
HPRegen 0.13/turn               (no ring)
MPRegen 0.09/turn               (no ring)

@: lethally poisoned (0 -> -3)
A: no striking features
a: no special abilities


You were on level 2 of the Dungeon.
You visited 1 branch of the dungeon, and saw 2 of its levels.

You collected 80 gold pieces.

Inventory:

Hand Weapons
 a - a +0 spear (weapon)
Armour
 e - a +0 leather armour (worn)
Scrolls
 d - 3 scrolls of identify {unknown}
 h - a scroll of teleportation {unknown}
Potions
 b - 2 potions of invisibility {unknown}
 c - a potion of ambrosia
 f - 2 potions of curing {unknown}
 g - 2 potions of brilliance {unknown}
 i - a potion of lignification {unknown}


   Skills:
 + Level 4.8 Fighting
 + Level 4.4 Polearms
 - Level 2.4 Dodging
 - Level 1.5 Stealth


You had 3 spell levels left.
You didn't know any spells.
Your spell library was empty.

Dungeon Overview and Level Annotations

Branches:
Dungeon (2/15)

Altars:


Message History

The adder misses you.
You hit the adder.
The adder is moderately wounded.
The adder bites you.
You miss the adder.
The adder is moderately wounded.
The adder bites you.
You are poisoned.
The adder poisons you!
You hit the adder.
The adder is heavily wounded.
You feel sick. The adder barely misses you.
The adder bites you but does no damage.
You hit the adder but do no damage.
The adder is heavily wounded.
You feel sick. The adder bites you but does no damage.
You hit the adder.
The adder is heavily wounded.
You feel sick. The adder misses you.
You closely miss the adder.
The adder is heavily wounded.
You feel sick. The adder bites you.
* * * LOW HITPOINT WARNING * * *
You hit the adder.
The adder is almost dead.
You feel sick. The adder bites you.
* * * LOW HITPOINT WARNING * * *
You are lethally poisoned!
The adder poisons you!
You hit the adder.
You kill the adder!
* * * LOW HITPOINT WARNING * * *
You feel sick.
You have reached level 4!
Unknown command.
* * * LOW HITPOINT WARNING * * *
You feel sick.
* * * LOW HITPOINT WARNING * * *
You feel sick.
You die...

######## # #......# .#
#...[..####.#
###...........
.......$....#.#
#........... ..
####...†...#.# #..
..........@#.#...
......†....#.#.#.#
......##+#.#......
.............#
......###....# #....
..##+####..).####...##
. ........).#.......#
#.<.......#......#####
#.###....##..........#


There were no monsters in sight!

Vanquished Creatures
  2 adders (D:2)
  2 dart slugs (D:1)
  2 endoplasms
  2 giant cockroaches (D:1)
  2 goblins
  10 hobgoblins
  3 kobolds (D:2)
  A quokka (D:2)
  2 ball pythons (D:1)
  5 bats
  2 frilled lizards
  4 rats (D:1)
37 creatures vanquished.

Notes
Turn   | Place    | Note
-------+----------+-------------------------------------------
     0 | D:1      | siradein the Hill Orc Monk began the quest for the Orb.
     0 | D:1      | Reached XP level 1. HP: 19/19 MP: 1/1
    57 | D:1      | HP: 1/20 [hobgoblin (1)]
   415 | D:1      | Reached XP level 2. HP: 26/27 MP: 2/2
   904 | D:1      | Reached XP level 3. HP: 34/34 MP: 3/3
  1600 | D:2      | Reached XP level 4. HP: 3/41 MP: 4/4
  1600 | D:2      | HP: 2/41 [poisoned by an adder]
  1602 | D:2      | Succumbed to an adder's poison

Illustrated notes

Levels and vault maps discovered:
D:1:      wander_arrival_chamber, layout_basic, hangedman_abyss_or_decor_stabs
D:2:      minmay_chambers_of_twos, layout_basic,
          shapermc_ecumenical_altar_mp_vishouse, uniq_natasha, uniq_jessica

Skill      XL: |  1  2  3 |
---------------+----------+-----
Fighting       | 4 |  4.8
Polearms       | 4 |  4.4
Dodging        | |  2.4
Stealth        | |  1.5

Action                   |  1- 3 |  4- 6 || total
-------------------------+-------+-------++-------
Melee: Spear             |   174 |       ||   174
 Stab: Sleeping          |     4 |       ||     4
Armor: Robe              |     7 |       ||     7
       Leather armour    |    22 |       ||    22
Dodge: Dodged            |    94 |       ||    94

Table legend: (Time is in decaauts)
 A = Elapsed time spent in this place.
 B = Non-inter-level travel time spent in this place.
 C = Inter-level travel time spent in this place.
 D = Time resting spent in this place.
 E = Time spent auto-exploring this place.
 F = Levels seen in this place.
 G = Mean time per level.
                   A        B        C        D        E       F      G
               +--------+--------+--------+--------+--------+-----+--------+
         Total |   1585 |   1559 |     26 |      0 |   1275 |   2 |  792.5 |
       Dungeon |   1585 |   1559 |     26 |      0 |   1275 |   2 |  792.5 |
               +--------+--------+--------+--------+--------+-----+--------+

Top non-repeatable levels by time:
     D:1: 1363 daAuts
     D:2: 222 daAuts
